[Event "Titled Tuesday Blitz January 31 Late 2023"]
[White "Dourerassou, Jonathan"]
[Black "Deviprasath, Sharvesh"]
[WhiteFideId "628050"]
[BlackFideId "30938228"]
[WhiteElo "2414"]
[BlackElo "2296"]
[Result "1-0"]
[Round "06"]
[TimeControl "180+2"]
[Date "2023.01.31"]
[WhiteClock "0:01:28"]
[BlackClock "0:00:13"]

1. d4 d5 2. Nf3 e6 3. Bf4 c5 4. c3 Nf6 5. h3 Nc6 6. e3 Bd6 7. Ne5 O-O 8. Nd2 Ne8 9. Bd3 f6 10. Qh5 f5 11. Ndf3 Be7 12. Nxc6 bxc6 13. Ne5 Qb6 14. Qe2 cxd4 15. exd4 c5 16. dxc5 Bxc5 17. O-O Nf6 18. b4 Bd6 19. a3 Qc7 20. Rac1 Ne4 21. c4 Bxe5 22. cxd5 Qd6 23. Bxe5 Qxe5 24. dxe6 Bxe6 25. Rfe1 Qd4 26. Bxe4 fxe4 27. Qxe4 Qxf2+ 28. Kh2 Rae8 29. Rf1 Qxf1 30. Rxf1 Rxf1 31. Qb7 Rf7 32. Qc6 Kf8 33. Qc5+ Kg8 34. Qc6 Rfe7 35. b5 g6 36. a4 Kg7 37. a5 Rc8 38. Qd6 Kf7 39. Qf4+ Kg7 40. Qd4+ Kg8 41. Qd6 Rcc7 42. Qd8+ Kg7 43. b6 axb6 44. axb6 Rb7 45. Qd4+ Kf7 46. Qf4+ Ke8 47. Qd6 Bf5 48. Qc6+ Kf7 49. Qd5+ Kg7 50. Qd4+ Kh6 51. g4 Be6 52. Kg3 g5 53. Qf6# 1-0


[Site "https://www.chess.com"]

[Event "Titled Tuesday Blitz January 31 Late 2023"]
[White "Blit, Jacques"]
[Black "Estrada Nieto, Julian"]
[WhiteFideId "114839"]
[BlackFideId "5101018"]
[WhiteElo "2309"]
[BlackElo "2215"]
[Result "0-1"]
[Round "06"]
[TimeControl "180+2"]
[Date "2023.01.31"]
[WhiteClock "0:00:12"]
[BlackClock "0:00:09"]

1. e4 e5 2. Nc3 Nf6 3. Nf3 Nc6 4. d4 exd4 5. Nxd4 Bb4 6. Nxc6 bxc6 7. Bd3 d5 8. exd5 O-O 9. O-O cxd5 10. Bg5 c6 11. Qf3 Bd6 12. Ne2 Rb8 13. Nd4 Bd7 14. Bf5 Be5 15. Bxd7 Qxd7 16. Nf5 Ne4 17. Bc1 Kh8 18. Rd1 Rfe8 19. c3 Nd6 20. Ne3 f5 21. c4 d4 22. c5 dxe3 23. Bxe3 f4 24. Bd4 Bxd4 25. Rxd4 Re6 26. Rad1 Qe7 27. h3 Nb5 28. Rd7 Qxc5 29. Qxf4 Rf8 30. Rf7 Rf6 31. Rxf6 gxf6 32. Rd7 Qg5 33. Qxg5 fxg5 34. a4 a5 35. axb5 cxb5 36. Rd5 Rb8 37. Rxg5 a4 38. g4 b4 39. Ra5 a3 40. b3 Rd8 41. Ra4 Rd3 42. Kg2 Rxb3 43. Ra7 Rb2 44. h4 a2 45. h5 h6 46. Kg3 b3 47. f4 Rb1 48. Rxa2 bxa2 49. g5 a1=Q 50. Kg4 Qd4 51. Kf5 Rf1 52. Kg6 hxg5 53. f5 Qe4 54. h6 Qxf5+ 0-1


[Site "https://www.chess.com"]

[Event "Titled Tuesday Blitz January 31 Late 2023"]
[White "Chor, Kevin"]
[Black "Aguilar, Juan"]
[WhiteFideId "2090740"]
[BlackFideId "3800091"]
[WhiteElo "1944"]
[BlackElo "2254"]
[Result "1-0"]
[Round "06"]
[TimeControl "180+2"]
[Date "2023.01.31"]
[WhiteClock "0:00:11"]
[BlackClock "0:00:03"]

1. e4 g6 2. d4 Bg7 3. Nc3 d6 4. f4 a6 5. Nf3 b5 6. Bd3 Nd7 7. a4 b4 8. Ne2 c5 9. c3 cxd4 10. cxd4 a5 11. O-O Ngf6 12. e5 Nd5 13. Ng3 O-O 14. Kh1 Ba6 15. Bxa6 Rxa6 16. Qd3 Qa8 17. Ng5 dxe5 18. fxe5 e6 19. Nh5 Rc6 20. Qh3 gxh5 21. Qxh5 h6 22. Nxf7 Qe8 23. Nxh6+ Bxh6 24. Rxf8+ Qxf8 25. Bxh6 Qf7 26. Qg4+ Kh7 27. Bg5 Qf5 28. Qh4+ Kg8 29. Kg1 Rc2 30. Rf1 Qg6 31. Qg3 Nf8 32. h4 Nh7 33. Qf3 Rxb2 34. h5 1-0


[Site "https://www.chess.com"]

[Event "Titled Tuesday Blitz January 31 Late 2023"]
[White "Koellner, Ruben Gideon"]
[Black "Buchenau, Frank"]
[WhiteFideId "12993093"]
[BlackFideId "4604350"]
[WhiteElo "2426"]
[BlackElo "2222"]
[Result "1-0"]
[Round "06"]
[TimeControl "180+2"]
[Date "2023.01.31"]
[WhiteClock "0:00:31"]
[BlackClock "0:00:08"]

1. d4 e6 2. Nf3 Nf6 3. Nbd2 c5 4. e3 b6 5. c3 Bb7 6. Bd3 d5 7. Ne5 Be7 8. f4 O-O 9. Qf3 a5 10. g4 Ba6 11. Bc2 Ne8 12. g5 Nd6 13. Qh3 Nf5 14. Bxf5 exf5 15. Qxf5 Qc8 16. Qxc8 Rxc8 17. Ndf3 Nc6 18. Nxc6 Rxc6 19. Ne5 Re6 20. f5 Rd6 21. h4 f6 22. Nf3 Bd3 23. b3 Bxf5 24. Ba3 Re6 25. Kd2 Re8 26. Rhf1 Bh3 27. Rfe1 cxd4 28. Bxe7 dxc3+ 29. Kxc3 R8xe7 30. Kd2 Bg4 31. Nd4 Re4 32. gxf6 gxf6 33. Rac1 h5 34. Rc6 f5 35. Rxb6 f4 36. Nc2 f3 37. Rf1 Rc7 38. Nd4 Rce7 39. Nxf3 Rxe3 40. Ng5 Re2+ 41. Kc3 1-0


[Site "https://www.chess.com"]

[Event "Titled Tuesday Blitz January 31 Late 2023"]
[White "Rosen, Eric"]
[Black "QuiesPrecatio"]
[WhiteFideId "2032562"]
[WhiteElo "2349"]
[BlackElo "2426"]
[Result "1-0"]
[Round "06"]
[TimeControl "180+2"]
[Date "2023.01.31"]
[WhiteClock "0:00:12"]
[BlackClock "0:00:10"]

1. d4 Nf6 2. Bf4 g6 3. Nc3 d5 4. e3 Bg7 5. h4 h5 6. Nf3 c6 7. Ne5 Be6 8. Bd3 Nbd7 9. Qf3 Nxe5 10. Bxe5 Qd7 11. Qg3 O-O-O 12. Na4 Rdg8 13. Bb8 Qd8 14. b4 Bf5 15. Bxa7 Nd7 16. Nb6+ Nxb6 17. Qb8+ Kd7 18. Qxb7+ Qc7 19. Qxb6 Ra8 20. Qxc7+ Kxc7 21. Bc5 Bxd3 22. cxd3 e5 23. a4 exd4 24. exd4 Rhe8+ 25. Kd1 Bf8 26. Re1 Rxe1+ 27. Kxe1 Bxc5 28. dxc5 Rb8 29. Rb1 Ra8 30. a5 Kb7 31. Kd2 Ka6 32. Re1 Ra7 33. Re8 Rb7 34. Kc3 Kb5 35. d4 f6 36. Re6 g5 37. hxg5 fxg5 38. Re5 Rf7 39. Rxg5 Rxf2 40. Rg8 h4 41. Rb8+ Ka6 42. Rb6+ Ka7 43. Rxc6 Rxg2 44. Rh6 Rg3+ 45. Kb2 h3 46. b5 Rg2+ 47. Kb3 Rg3+ 48. Kb4 Rd3 49. Rh7+ Kb8 50. b6 h2 51. c6 h1=Q 52. Rxh1 Rxd4+ 53. Kc5 Rc4+ 54. Kxd5 1-0


[Site "https://www.chess.com"]

[Event "Titled Tuesday Blitz January 31 Late 2023"]
[White "Golubka, Petro"]
[Black "Boder, Jan"]
[WhiteFideId "14114224"]
[BlackFideId "16243226"]
[WhiteElo "2371"]
[BlackElo "2294"]
[Result "1-0"]
[Round "06"]
[TimeControl "180+2"]
[Date "2023.01.31"]
[WhiteClock "0:00:47"]
[BlackClock "0:00:22"]

1. e4 e5 2. Bc4 Nc6 3. a3 Nf6 4. d3 d5 5. exd5 Nxd5 6. Nf3 Be7 7. Qe2 Bf6 8. h3 O-O 9. O-O Be6 10. Nbd2 Qd7 11. Ne4 Be7 12. Ng3 f6 13. b4 Rae8 14. Be3 b5 15. Bb3 a5 16. c4 Nxe3 17. fxe3 axb4 18. cxb5 Bxb3 19. bxc6 Qxc6 20. Rfc1 Qb7 21. axb4 Bxb4 22. Rab1 Bd5 23. e4 Be6 24. d4 Rb8 25. Kh1 Qa7 26. dxe5 c5 27. exf6 Rxf6 28. Ng5 h6 29. e5 Rg6 30. Nxe6 Rxe6 31. Nf5 Rbe8 32. Qc4 Kh8 33. Nd6 R8e7 34. Nc8 Qc7 35. Nxe7 Qxe7 36. Rf1 Rxe5 37. Rbd1 Qe6 38. Rf8+ Kh7 39. Qd3+ Qg6 40. Rh8+ Kxh8 41. Qxg6 1-0


[Site "https://www.chess.com"]

[Event "Titled Tuesday Blitz January 31 Late 2023"]
[White "Goroshkov, Maksym"]
[Black "Forgacs, Attila Jr."]
[WhiteFideId "14142716"]
[BlackFideId "773654"]
[WhiteElo "2287"]
[BlackElo "2264"]
[Result "1-0"]
[Round "06"]
[TimeControl "180+2"]
[Date "2023.01.31"]
[WhiteClock "0:01:05"]
[BlackClock "0:00:22"]

1. e4 e5 2. d4 exd4 3. c3 d5 4. exd5 Qxd5 5. cxd4 Nc6 6. Nf3 Bg4 7. Be2 O-O-O 8. Nc3 Bb4 9. O-O Qd7 10. Be3 Bxf3 11. Bxf3 Nxd4 12. Bxd4 Qxd4 13. Qb3 Nf6 14. a3 Bxc3 15. Qxb7+ Kd7 16. Rad1 Bd2 17. Rxd2 Qxd2 18. Rd1 Qxd1+ 19. Bxd1 Rhe8 20. Ba4+ Ke7 21. Qb4+ Ke6 22. Qb3+ Ke7 23. Bxe8 Nxe8 24. Qb4+ Rd6 25. g3 a6 26. Qe4+ Kd7 27. Qxh7 Rb6 28. Qf5+ Ke7 29. Qe5+ Re6 30. Qc5+ Kd7 31. b4 Rc6 32. Qf5+ Ke7 33. a4 Rf6 34. Qc5+ Kd7 35. b5 axb5 36. Qxb5+ Kd8 37. a5 Nd6 38. Qb8+ Nc8 39. Qb7 Rd6 40. h4 g6 41. Kg2 Kd7 42. a6 Rb6 43. Qd5+ Nd6 44. a7 Ra6 45. a8=Q c6 46. Qb7+ 1-0


[Site "https://www.chess.com"]

[Event "Titled Tuesday Blitz January 31 Late 2023"]
[White "Battlecruiser_Operational"]
[Black "Djokic, Mihailo"]
[BlackFideId "976440"]
[WhiteElo "2419"]
[BlackElo "2192"]
[Result "1-0"]
[Round "06"]
[TimeControl "180+2"]
[Date "2023.01.31"]
[WhiteClock "0:00:04"]
[BlackClock "0:00:02"]

1. d4 Nf6 2. c4 g6 3. Nc3 Bg7 4. Nf3 O-O 5. g3 d6 6. Bg2 Nc6 7. d5 Na5 8. Nd2 c6 9. O-O cxd5 10. cxd5 a6 11. a4 Qc7 12. e4 Rb8 13. Re1 b5 14. axb5 axb5 15. Qe2 b4 16. Nd1 Bd7 17. e5 Bb5 18. exd6 exd6 19. Qe7 Qb6 20. Qe3 Nc4 21. Nxc4 Bxc4 22. Qxb6 Rxb6 23. Ne3 Bb3 24. Bd2 h5 25. Rec1 Nd7 26. Rc6 Bxb2 27. Rb1 Ba2 28. Rxb2 b3 29. Nc4 Rxc6 30. dxc6 Nc5 31. Bf4 Na4 32. Rd2 Rc8 33. Bxd6 Nc3 34. c7 Nb5 35. Be5 Nxc7 36. Nb6 Re8 37. Bxc7 Re1+ 38. Bf1 Bb1 39. Bf4 Bc2 40. Nc4 f6 41. Kg2 Be4+ 42. f3 Bc6 43. Kf2 Ra1 44. Bd3 g5 45. Be3 g4 46. fxg4 hxg4 47. Bd4 Rh1 48. Ke3 Kf7 49. Kf4 Bd5 50. Ne3 Be6 51. Bc4 Bxc4 52. Nxc4 Rf1+ 53. Kxg4 Ke6 54. h4 f5+ 55. Kh3 Rh1+ 56. Kg2 Rc1 57. Ne3 Re1 58. Nf1 Kd5 59. Bf2+ Kc4 60. Bxe1 b2 61. Rxb2 1-0


[Site "https://www.chess.com"]

[Event "Titled Tuesday Blitz January 31 Late 2023"]
[White "Korchmar, Vasiliy"]
[Black "Necromon"]
[WhiteFideId "24131750"]
[WhiteElo "2438"]
[BlackElo "2420"]
[Result "1-0"]
[Round "06"]
[TimeControl "180+2"]
[Date "2023.01.31"]
[WhiteClock "0:00:03"]
[BlackClock "0:01:02"]

1. e4 c5 2. Nf3 Nc6 3. d4 cxd4 4. Nxd4 g6 5. Nc3 Bg7 6. Be3 Nf6 7. Nxc6 bxc6 8. Bd3 d6 9. O-O O-O 10. a4 c5 11. a5 Be6 12. a6 Qb6 13. Qd2 Nd7 14. Bh6 Bxh6 15. Qxh6 Qxb2 16. Qd2 Qb4 17. Rfb1 Qd4 18. Nb5 Qf6 19. Nc7 Rac8 20. Nxe6 Qxe6 21. Rb7 c4 22. Be2 Nc5 23. Rxa7 Nxe4 24. Qe3 Ra8 25. Rxa8 Rxa8 26. f3 Qf6 27. Ra3 Nc5 28. Bxc4 Qb2 29. Qxe7 Qc1+ 30. Kf2 Qxc2+ 31. Qe2 Qc1 32. Re3 Rf8 33. Re7 Qc3 34. a7 Qd4+ 35. Kg3 g5 36. h3 Qf4+ 37. Kf2 Qd4+ 38. Kg3 Qf4+ 39. Kf2 Qd4+ 40. Kf1 Qa1+ 41. Qe1 Qd4 42. Bxf7+ Kh8 43. Qf2 Qa1+ 44. Qe1 Qd4 45. Re8 Qd3+ 46. Kg1 Qd4+ 47. Kh1 Kg7 48. Rxf8 Kxf8 49. a8=Q+ Kxf7 50. Qae8+ Kg7 51. Q1e7+ 1-0


[Site "https://www.chess.com"]

[Event "Titled Tuesday Blitz January 31 Late 2023"]
[White "Martynov, Pavel"]
[Black "Backsten, Jan"]
[WhiteFideId "4101260"]
[BlackFideId "1735381"]
[WhiteElo "2414"]
[BlackElo "2029"]
[Result "1-0"]
[Round "06"]
[TimeControl "180+2"]
[Date "2023.01.31"]
[WhiteClock "0:00:10"]
[BlackClock "0:00:02"]

1. e4 c5 2. Nf3 d6 3. Bb5+ Nd7 4. O-O Nf6 5. Re1 a6 6. Bxd7+ Bxd7 7. c3 c4 8. b3 b5 9. Na3 Rc8 10. bxc4 bxc4 11. e5 dxe5 12. Nxe5 e6 13. Naxc4 Be7 14. d3 O-O 15. Be3 Nd5 16. Bd4 Bb5 17. Qg4 Bf6 18. a4 Bxc4 19. dxc4 Ne7 20. Rad1 Qc7 21. Nd7 Bxd4 22. Nxf8 Bxc3 23. Re3 Be5 24. Nd7 Bxh2+ 25. Kh1 Bf4 26. Rf3 Ng6 27. g3 Bd6 28. c5 Bxc5 29. Nxc5 Qxc5 30. Rfd3 Qc6+ 31. Qf3 Qxf3+ 32. Rxf3 Kf8 33. Rd6 Ne5 34. Rb3 a5 35. Rb5 Nc4 36. Rd7 Ke8 37. Ra7 Nd6 38. Rbxa5 Kf8 39. Ra8 Rxa8 40. Rxa8+ Ke7 41. a5 Kd7 42. Kg2 Kc6 43. Rg8 g6 44. Rb8 Kc7 45. Rb1 Nb7 46. a6 Nc5 47. a7 1-0


[Site "https://www.chess.com"]

[Event "Titled Tuesday Blitz January 31 Late 2023"]
[White "Omelja, Artem"]
[Black "Fernandez, Maria Florencia"]
[WhiteFideId "14119846"]
[BlackFideId "116459"]
[WhiteElo "2446"]
[BlackElo "2129"]
[Result "1/2-1/2"]
[Round "06"]
[TimeControl "180+2"]
[Date "2023.01.31"]
[WhiteClock "0:00:42"]
[BlackClock "0:00:06"]

1. e4 c5 2. Nf3 d6 3. Bb5+ Nd7 4. O-O a6 5. Bd3 Ngf6 6. c4 g6 7. Nc3 Bg7 8. Bc2 O-O 9. d4 cxd4 10. Nxd4 Ne5 11. b3 Bd7 12. f3 Nc6 13. Be3 Nxd4 14. Bxd4 Bc6 15. Rc1 Nd7 16. Nd5 Bxd5 17. exd5 Bxd4+ 18. Qxd4 Qb6 19. Qxb6 Nxb6 20. Rfe1 Rfe8 21. f4 Rac8 22. Re4 Rc7 23. Rd1 Nd7 24. Bb1 Nf6 25. Re2 b5 26. Bd3 b4 27. Rde1 a5 28. h3 Kf8 29. g4 Nd7 30. h4 Nc5 31. Bc2 Ra8 32. h5 a4 33. bxa4 Nxa4 34. hxg6 hxg6 35. Bb3 Nc3 36. Rh2 Kg7 37. f5 Rca7 38. fxg6 fxg6 39. g5 Rf8 40. Rf1 Rf5 41. Rg2 Rxf1+ 42. Kxf1 Ra8 43. Ke1 Rf8 44. Kd2 Rf5 45. a3 Ne4+ 46. Ke3 Nxg5 47. axb4 Rf3+ 48. Kd4 Rxb3 49. Rxg5 Rxb4 50. Rg2 Rb1 51. Re2 Kf6 52. Rf2+ Kg5 53. Rg2+ Kf6 54. Rf2+ Kg7 55. Re2 Kf7 56. Rf2+ Kg7 57. Re2 1/2-1/2


[Site "https://www.chess.com"]

[Event "Titled Tuesday Blitz January 31 Late 2023"]
[White "Machidon, Cristi"]
[Black "Ansh M Shah"]
[WhiteFideId "13904590"]
[BlackFideId "25033379"]
[WhiteElo "2301"]
[BlackElo "2171"]
[Result "1/2-1/2"]
[Round "06"]
[TimeControl "180+2"]
[Date "2023.01.31"]
[WhiteClock "0:00:10"]
[BlackClock "0:00:19"]

1. b3 Nf6 2. Bb2 c5 3. e3 b6 4. c4 Bb7 5. Nf3 e6 6. Nc3 d5 7. cxd5 exd5 8. d4 Nbd7 9. Bd3 Be7 10. O-O O-O 11. Rc1 Rc8 12. Qe2 Ne4 13. Rfd1 Qc7 14. dxc5 Ndxc5 15. Bb1 Qb8 16. Nxd5 Bxd5 17. Rxd5 Bf6 18. b4 Bxb2 19. Qxb2 Na4 20. Qa3 Rxc1+ 21. Qxc1 Rc8 22. Qe1 Nac3 23. Bxe4 Nxe4 24. h3 h6 25. Rd4 Qb7 26. Qd1 Qc6 27. Kh2 Nxf2 28. Rd8+ Rxd8 29. Qxd8+ Kh7 30. Qd4 Ne4 31. Ne5 Qb7 32. Nxf7 Nf6 33. Ne5 Qc7 34. Qd3+ Kg8 35. Qc4+ Qxc4 36. Nxc4 Nd5 37. a3 b5 38. Nd6 a6 39. e4 Ne3 40. Kg3 Nc2 41. e5 Kf8 42. Kf4 Nxa3 43. e6 Ke7 44. Nf5+ Kxe6 45. Nxg7+ Kf6 46. Nf5 Kg6 47. g4 Nc2 48. h4 Nxb4 49. h5+ Kh7 50. Nd4 Nd5+ 51. Ke5 Ne3 52. Kf4 Nc4 53. Ke4 Nd6+ 54. Kd5 Nc4 55. Kc5 Ne3 56. Kb6 Nxg4 57. Kxa6 b4 58. Kb5 b3 59. Nxb3 Nf6 60. Nd4 Nxh5 61. Nf5 Nf6 62. Nxh6 1/2-1/2


[Site "https://www.chess.com"]

[Event "Titled Tuesday Blitz January 31 Late 2023"]
[White "Kraus, Tomas"]
[Black "Reprintsev, Alexander"]
[WhiteFideId "331708"]
[BlackFideId "14100541"]
[WhiteElo "2473"]
[BlackElo "2253"]
[Result "1-0"]
[Round "06"]
[TimeControl "180+2"]
[Date "2023.01.31"]
[WhiteClock "0:00:08"]
[BlackClock "0:00:02"]

1. e4 d5 2. exd5 Qxd5 3. d4 Nc6 4. Nf3 Bg4 5. Be2 O-O-O 6. Be3 e5 7. c4 Qa5+ 8. Bd2 Bb4 9. d5 Bxf3 10. Bxf3 Nd4 11. Nc3 Qa6 12. Be2 Nf6 13. O-O Bxc3 14. Bxc3 Nxe2+ 15. Qxe2 Rxd5 16. Rfe1 Rdd8 17. Qxe5 Qxc4 18. Qf5+ Kb8 19. Bxf6 gxf6 20. Qxf6 a6 21. g3 Rhe8 22. a3 Qb3 23. h4 h5 24. Re5 Ka7 25. Rxe8 Rxe8 26. Qd4+ Qb6 27. Rd1 Re2 28. Qxb6+ Kxb6 29. Rd5 Rxb2 30. Rxh5 c5 31. Re5 c4 32. Re3 Kc5 33. h5 Rb6 34. g4 Rh6 35. Kf1 b5 36. Re7 f6 37. Ra7 Kb6 38. Ra8 f5 39. f3 fxg4 40. fxg4 a5 41. Rb8+ Kc5 42. Ra8 a4 43. Rb8 c3 44. Ke2 Kc4 45. Kd1 Rd6+ 46. Kc1 Rd4 47. h6 Rxg4 48. h7 Rg1+ 49. Kc2 Rg2+ 50. Kc1 Rg1+ 51. Kc2 Rg2+ 52. Kd1 Rd2+ 53. Ke1 Rh2 54. h8=Q Rxh8 55. Rxh8 Kb3 56. Kd1 Kxa3 57. Kc2 b4 58. Ra8 b3+ 59. Kxc3 b2 60. Kc2 1-0


[Site "https://www.chess.com"]

[Event "Titled Tuesday Blitz January 31 Late 2023"]
[White "Gonzalez, Francisco Silva"]
[Black "Womacka, Mathias"]
[WhiteFideId "1512285"]
[BlackFideId "4611390"]
[WhiteElo "2021"]
[BlackElo "2396"]
[Result "1/2-1/2"]
[Round "06"]
[TimeControl "180+2"]
[Date "2023.01.31"]
[WhiteClock "0:00:48"]
[BlackClock "0:00:17"]

1. d4 Nf6 2. c4 e6 3. Nc3 Bb4 4. a3 Bxc3+ 5. bxc3 O-O 6. e3 b6 7. Bd3 Ba6 8. e4 Ne8 9. Nf3 c5 10. e5 f6 11. Qc2 f5 12. Bg5 Qc7 13. d5 d6 14. dxe6 dxe5 15. Bxf5 Bxc4 16. Bxh7+ Kh8 17. e7 Rxf3 18. gxf3 Nc6 19. Be4 Rc8 20. Rg1 Nxe7 21. Rg3 Nd6 22. Rh3+ Kg8 23. Rd1 Be6 24. Bh7+ Kf8 25. Rh5 Nf7 26. Bg6 Nxg5 27. Rxg5 Qc6 28. Qe4 Qxe4+ 29. fxe4 b5 30. Bf5 Nxf5 31. exf5 Bf7 32. Rd7 a5 33. Rb7 b4 34. axb4 axb4 35. cxb4 c4 36. Ra7 c3 37. Rxf7+ Kxf7 38. Kd1 Rc4 39. Kc2 Rxb4 40. Kxc3 Rf4 41. Kd3 Rxf2 42. Ke4 Rxh2 43. Kxe5 Re2+ 44. Kf4 Rf2+ 45. Ke5 Re2+ 46. Kf4 Rf2+ 47. Ke5 Re2+ 1/2-1/2


[Site "https://www.chess.com"]

[Event "Titled Tuesday Blitz January 31 Late 2023"]
[White "Nikologorsky, Matfei"]
[Black "Slade, Theodore"]
[WhiteFideId "24102474"]
[BlackFideId "426547"]
[WhiteElo "2182"]
[BlackElo "1995"]
[Result "0-1"]
[Round "06"]
[TimeControl "180+2"]
[Date "2023.01.31"]
[WhiteClock "0:00:03"]
[BlackClock "0:01:22"]

1. e4 e5 2. Nf3 Nc6 3. Bb5 Nf6 4. O-O Nxe4 5. Re1 Nd6 6. Bxc6 dxc6 7. Nxe5 Be7 8. d4 O-O 9. Nc3 Be6 10. b3 Nf5 11. Ne2 c5 12. Bb2 Re8 13. c4 cxd4 14. Nxd4 Nxd4 15. Bxd4 Bf6 16. Nf3 Be7 17. h3 Bb4 18. Re2 Qe7 19. Bb2 Rad8 20. Qc2 f6 21. a3 Bd6 22. Rae1 Qf7 23. Nd4 Bd7 24. Nf5 Rxe2 25. Rxe2 Bf8 26. Ne3 Re8 27. Nd5 c6 28. Ne3 Bd6 29. c5 Bf4 30. Nc4 Rxe2 31. Qxe2 Be6 32. Nd6 Qd7 33. Qd3 Bd5 34. Nc4 Qe6 35. Ne3 Bxe3 36. Qxe3 Qxe3 37. fxe3 Bxb3 38. Kf2 Kf7 39. Kf3 Bd5+ 40. e4 Bc4 41. Kf4 Ke6 42. g4 g5+ 43. Kg3 b5 44. Bc3 Bd3 45. Kf3 Bc2 46. Ke3 Bb3 47. Bd4 Bc4 48. Bc3 Bf1 49. Kf2 Bxh3 50. Kg3 Bf1 51. Kf2 Bd3 52. Ke3 Bc2 53. Bb2 h6 54. Bc3 Bd1 0-1


[Site "https://www.chess.com"]

[Event "Titled Tuesday Blitz January 31 Late 2023"]
[White "TheKnightOfBosnia"]
[Black "Vasques, Antonio Pedro Freixial"]
[BlackFideId "1908332"]
[WhiteElo "2502"]
[BlackElo "2214"]
[Result "0-1"]
[Round "06"]
[TimeControl "180+2"]
[Date "2023.01.31"]
[WhiteClock "0:00:03"]
[BlackClock "0:00:25"]

1. e4 c5 2. Nf3 Nc6 3. d4 cxd4 4. Nxd4 Nf6 5. Nc3 d6 6. Bg5 e6 7. Qd2 a6 8. O-O-O Bd7 9. f4 Be7 10. g4 h6 11. Bxf6 Bxf6 12. Nf3 Be7 13. h4 b5 14. Bd3 Qa5 15. Kb1 b4 16. Ne2 Rb8 17. g5 Qc5 18. g6 f5 19. exf5 exf5 20. Ng3 O-O 21. Ng5 a5 22. Nf7 a4 23. Nh5 Be6 24. Rde1 Bxf7 25. gxf7+ Rxf7 26. Rhg1 Bxh4 27. Rd1 b3 28. cxb3 axb3 29. axb3 Nb4 30. Bc4 d5 31. Bxd5 Nxd5 32. Qxd5 Qxd5 33. Rxd5 Rxb3 34. Kc2 Rf3 35. b4 Kh7 36. Rd6 Be7 37. Rdg6 Bf8 38. b5 Rh3 39. Nxg7 Rxg7 40. Rxg7+ Bxg7 41. b6 Rc3+ 0-1


[Site "https://www.chess.com"]

[Event "Titled Tuesday Blitz January 31 Late 2023"]
[White "Veiga, Jose Francisco R P Neves"]
[Black "Dzida, Kamil"]
[WhiteFideId "1930087"]
[BlackFideId "21828652"]
[WhiteElo "2406"]
[BlackElo "2352"]
[Result "1-0"]
[Round "06"]
[TimeControl "180+2"]
[Date "2023.01.31"]
[WhiteClock "0:01:12"]
[BlackClock "0:00:13"]

1. e4 c5 2. Nf3 d6 3. d3 Nf6 4. g3 g6 5. Bg2 Bg7 6. O-O O-O 7. Re1 Nc6 8. Nbd2 d5 9. exd5 Nxd5 10. Ne4 b6 11. a4 Ndb4 12. Nfd2 Bb7 13. Nc4 Qd7 14. a5 Ba6 15. axb6 Bxc4 16. dxc4 Qxd1 17. Rxd1 Nxc2 18. b7 Rab8 19. Nxc5 Nxa1 20. Bxc6 Nc2 21. Nd7 Nd4 22. Bd5 Ne2+ 23. Kf1 Nxc1 24. Rxc1 Bxb2 25. Rc2 Bf6 26. c5 Rfd8 27. c6 Rxd7 28. cxd7 1-0


[Site "https://www.chess.com"]

[Event "Titled Tuesday Blitz January 31 Late 2023"]
[White "ArchibaldCerveza29"]
[Black "Pesotskiy, Mikhail"]
[BlackFideId "34164453"]
[WhiteElo "2532"]
[BlackElo "2153"]
[Result "1-0"]
[Round "06"]
[TimeControl "180+2"]
[Date "2023.01.31"]
[WhiteClock "0:00:16"]
[BlackClock "0:00:04"]

1. e4 e6 2. d4 d5 3. Nd2 Nf6 4. Bd3 c5 5. c3 Nc6 6. Ngf3 cxd4 7. cxd4 dxe4 8. Nxe4 Bb4+ 9. Nc3 O-O 10. O-O b6 11. Re1 Bb7 12. a3 Be7 13. Bc2 Nd5 14. Qd3 g6 15. Bh6 Re8 16. Bb3 Na5 17. Ba2 Rc8 18. Ne5 Bf6 19. Rad1 Nxc3 20. bxc3 Bd5 21. Bb1 Nc4 22. Ng4 Bh8 23. Qg3 Nxa3 24. Bd3 Rxc3 25. Ne5 Qc7 26. Bf4 Qb7 27. h4 Nc4 28. Ng4 Nb2 29. h5 Rxd3 30. Rxd3 Nxd3 31. Qxd3 Bg7 32. h6 Bh8 33. Be5 Qe7 34. Qg3 f6 35. Bf4 Qd7 36. Qh4 Kf7 37. Rc1 Rc8 38. Re1 a5 39. Ne3 a4 40. g4 a3 41. g5 f5 42. Be5 Bxe5 43. dxe5 a2 44. Qd4 Ra8 45. Ra1 Ra6 46. Qf4 Qb5 47. Qd4 Qb1+ 48. Kh2 Qb5 49. Qc3 Qc5 50. Qd2 Ra3 51. Rc1 Qxc1 52. Qxc1 a1=Q 53. Qc7+ Ke8 54. Nxd5 Qxe5+ 55. Qxe5 Kd7 56. Qc7+ Ke8 57. Qe7# 1-0


[Site "https://www.chess.com"]

[Event "Titled Tuesday Blitz January 31 Late 2023"]
[White "Gurevich, Dmitry"]
[Black "Abdyzhaparov, Aidar"]
[WhiteFideId "2000407"]
[BlackFideId "13800361"]
[WhiteElo "2393"]
[BlackElo "1978"]
[Result "1-0"]
[Round "06"]
[TimeControl "180+2"]
[Date "2023.01.31"]
[WhiteClock "0:01:27"]
[BlackClock "0:00:01"]

1. d4 d6 2. Nf3 g6 3. c4 Bg7 4. Nc3 e5 5. dxe5 dxe5 6. Qxd8+ Kxd8 7. Rg1 c6 8. g4 Kc7 9. g5 Be6 10. b3 Ne7 11. Ba3 Nf5 12. O-O-O a5 13. e4 Nd4 14. Nxd4 exd4 15. Na4 Nd7 16. f4 b6 17. Bd3 f6 18. gxf6 Bxf6 19. e5 Bg7 20. Bd6+ Kb7 21. f5 Bh6+ 22. Kc2 gxf5 23. Rdf1 Rhg8 24. Rxg8 Rxg8 25. Bxf5 Rg2+ 26. Kb1 Bxf5+ 27. Rxf5 d3 28. Rf7 d2 29. Rxd7+ Ka6 30. Nc3 Rg1+ 31. Kb2 b5 32. cxb5+ cxb5 33. Bc5 d1=Q 34. Ra7# 1-0


[Site "https://www.chess.com"]

[Event "Titled Tuesday Blitz January 31 Late 2023"]
[White "Yedidia, Daniel"]
[Black "Kujawski, Adam"]
[WhiteFideId "30905907"]
[BlackFideId "1100920"]
[WhiteElo "2041"]
[BlackElo "2173"]
[Result "0-1"]
[Round "06"]
[TimeControl "180+2"]
[Date "2023.01.31"]
[WhiteClock "0:00:57"]
[BlackClock "0:00:05"]

1. d4 Nf6 2. c4 e6 3. Nc3 Bb4 4. e3 c5 5. Ne2 b6 6. a3 Ba5 7. Rb1 Na6 8. Qc2 O-O 9. Bd2 Bb7 10. Ng3 d5 11. cxd5 cxd4 12. exd4 Bxc3 13. bxc3 Qxd5 14. f3 Rac8 15. Bd3 Rfd8 16. O-O Nc5 17. Be2 Ba6 18. Bg5 Bxe2 19. Qxe2 Qxg5 20. dxc5 Rxc5 21. Rfd1 Rdc8 22. Qd3 h5 23. Ne2 Nd5 24. g3 Nxc3 25. Nxc3 Rxc3 26. Qe4 Qe3+ 27. Qxe3 Rxe3 28. Kf2 Rxa3 29. Rb2 Rb8 30. Rd7 b5 31. Rc2 b4 32. Rcc7 Rf8 33. Rb7 a5 34. g4 hxg4 35. fxg4 b3 36. g5 g6 37. h4 Ra2+ 38. Kg3 a4 39. h5 gxh5 40. g6 Ra1 41. Kh4 Rh1+ 42. Kg5 Rg1+ 43. Kxh5 Rxg6 44. Rd4 Kg7 0-1


[Site "https://www.chess.com"]

[Event "Titled Tuesday Blitz January 31 Late 2023"]
[White "Rian, Kapriaga"]
[Black "Graif, William"]
[WhiteFideId "7103263"]
[BlackFideId "2609835"]
[WhiteElo "2089"]
[BlackElo "2304"]
[Result "0-1"]
[Round "06"]
[TimeControl "180+2"]
[Date "2023.01.31"]
[WhiteClock "0:00:01"]
[BlackClock "0:00:05"]

1. d4 Nf6 2. Nf3 d5 3. Bf4 c5 4. e3 Nc6 5. Nbd2 cxd4 6. exd4 a6 7. a4 Bf5 8. c3 e6 9. Be2 Bd6 10. Bg3 O-O 11. O-O h6 12. Re1 Ne4 13. Nxe4 Bxe4 14. Nd2 Bg6 15. Nb3 Bxg3 16. hxg3 a5 17. Bb5 Ne7 18. Nc5 Qc7 19. Nd7 Rfd8 20. Ne5 Bh7 21. Qf3 Ng6 22. Nd3 b6 23. Re2 Nf8 24. Ne5 Ng6 25. Nc6 Rd6 26. Ne5 Nxe5 27. Rxe5 Be4 28. Qe2 Rf8 29. f3 Bg6 30. Bd3 Bxd3 31. Qxd3 Rd7 32. Qb5 Re7 33. Kh2 Qd6 34. Rae1 g6 35. Kh3 Kg7 36. Kh2 h5 37. Kh3 f6 38. R5e2 Rh8 39. Qd3 g5 40. Qe3 h4 41. f4 hxg3+ 42. Kxg3 Kf7 43. Kf3 gxf4 44. Qxf4 Qxf4+ 45. Kxf4 Rg8 46. Kf3 Rg6 47. g3 Re8 48. Rh2 Reg8 49. Rh3 Rg5 50. Reh1 R8g7 51. Rh7 e5 52. Rxg7+ Kxg7 53. dxe5 fxe5 54. g4 Kf6 55. Rh6+ Rg6 56. Rh7 Kg5 57. Rh4 e4+ 58. Kg3 Rd6 59. Rh5+ Kg6 60. Kf4 Rf6+ 61. Ke5 e3 62. Rh3 e2 63. Re3 Rf2 64. Kxd5 Kg5 65. Kd4 Kxg4 66. Kd3 e1=Q 67. Rxe1 Rxb2 68. Re6 Kf5 69. Re8 Ra2 70. Rb8 Rxa4 71. Rxb6 Ke5 0-1


[Site "https://www.chess.com"]